 Dungeon Crawl Stone Soup version 0.16-a0-1767-gaf01991 (webtiles) character file.

552 Psiweapon the Magician (level 7, -3/36 HPs)
             Began as a Tengu Earth Elementalist on Oct 31, 2014.
             Slain by an orc wizard
             ... wielding a cursed +0 dagger
              (5 damage)
             ... on level 5 of the Dungeon.
             The game lasted 00:22:34 (5563 turns).

Psiweapon the Magician (Tengu Earth Elementalist)   Turns: 5563, Time: 00:22:35

Health: -3/36      AC:  3    Str: 12    XL:     7   Next: 29%
Magic:  18/20      EV: 12    Int: 17    God:
Gold:   131        SH:  0    Dex: 14    Spells: 3 memorised, 10 levels left

rFire  + . .     SeeInvis .     x - +0 short sword
rCold  + . .     Clarity  .     c - +0 robe
rNeg   + . .     SustAb   .     (no shield)
rPois  +         Gourm    .     (helmet restricted)
rElec  +         Spirit   .     r - +0 cloak (curse)
rCorr  +         Warding  +     (no gloves)
rMut   .         Stasis   .     (boots unavailable)
MR     .....                    e - amulet of warding
Stlth  ++........               D - +3 ring of strength
                                w - ring of invisibility

@: resistant, very slightly contaminated, not resistant to hostile enchantments,
unstealthy
A: able to fly, beak, talons 3
a: Fly, Evoke Invisibility


You were on level 5 of the Dungeon.
You were not hungry.

You visited 1 branch of the dungeon, and saw 5 of its levels.

You collected 131 gold pieces.

Inventory:

Hand weapons
 g - a +0 club
 s - a +0 whip
 v - a +0 mace
 x - a +0 short sword (weapon)
 C - a +0 falchion
Missiles
 b - 48 stones (quivered)
 n - 14 sling bullets
 F - 7 curare-tipped needles
 K - 24 bolts
Armour
 c - a +0 robe (worn)
 h - a +0 leather armour
 r - a cursed +0 cloak (worn)
Jewellery
 e - an amulet of warding (around neck)
 w - a ring of invisibility (left hand)
 z - a +2 ring of strength
 D - a +3 ring of strength (right hand)
Magical devices
 I - a wand of flame (9)
Scrolls
 i - 4 scrolls of identify {unknown}
 l - 2 scrolls of remove curse {unknown}
 m - a scroll of noise {unknown}
 o - 4 scrolls of fear {unknown}
 p - 3 scrolls of teleportation {unknown}
 y - 2 scrolls of amnesia {unknown}
 A - a scroll of random uselessness {unknown}
 H - a scroll of blinking {unknown}
Potions
 k - 4 potions of degeneration {unknown}
 t - a potion of heal wounds {unknown}
 u - 2 potions of curing
 B - a potion of agility {unknown}
 E - a potion of resistance
 G - a potion of confusion {unknown}
 M - 2 potions of might {unknown}
Books
 d - a book of Geomancy

   Spells                             Type                      Level
   *Sandblast                         Earth                        1
   *Stoneskin                         Transmutation/Earth          2
   Passwall                           Transmutation/Earth          3
   *Stone Arrow                       Conjuration/Earth            3
   Petrify                            Transmutation/Earth          4
   Lee's Rapid Deconstruction         Earth                        5
Comestibles
 a - 5 bread rations
 f - 11 fruits
 j - 3 beef jerkies
 q - 3 meat rations
 J - 2 royal jellies
 L - 4 chunks of flesh


   Skills:
 - Level 2.1 Dodging
 - Level 2.0 Stealth
 - Level 5.2 Spellcasting
 - Level 0.7 Transmutations
 + Level 3.5 Earth Magic
 + Level 4.0 Evocations


You had 10 spell levels left.
You knew the following spells:

 Your Spells              Type           Power        Failure   Level  Hunger
a - Sandblast             Erth           ###...       3%          1    None
b - Stoneskin             Trmt/Erth      ##......     12%         2    #......
c - Stone Arrow           Conj/Erth      ##....       21%         3    ###....


Dungeon Overview and Level Annotations

Branches:
Dungeon (5/15)
 Temple: D:4-7

Altars:
Fedhas
Nemelex Xobeh
Trog
Xom
Zin


Innate Abilities, Weirdness & Mutations

You can fly.
You have a beak for a mouth.
You have claws for feet.


Message History

Something hits you but does no damage. x2
You closely miss something. Your peck misses something. Something hits you.
* * * LOW HITPOINT WARNING * * *
You barely miss something. You claw something. Something barely misses you.
You hear some strange, mumbled words.
The magic dart hits you!
* * * LOW HITPOINT WARNING * * *
Drink which item? (? for menu, Esc to quit)
You feel better.
It was a potion of curing.
You flicker back into view.
Something hits you.
* * * LOW HITPOINT WARNING * * *
Drink which item? (? for menu, Esc to quit)
You feel protected.
It was a potion of resistance.
You hear some strange, mumbled words.
The puff of flame hits you! You resist.
* * * LOW HITPOINT WARNING * * *
Something hits you.
You die...

######## ###.{)oo.#
.####..@###########
..........>........####
.################....###
####.... ###.. #.. #..
#.. ###


You could see 2 orcs.

Vanquished Creatures
  An ogre (D:4)
  A phantom (D:4)
  A hound (D:4)
  An orc priest (D:3)
  A centaur skeleton (D:4)
  4 iguanas
  An orc wizard (D:3)
  Jessica (D:2)
  5 adders
  4 worms
  5 giant geckos
  An ooze (D:1)
  8 orcs
  6 bats
  3 giant cockroaches
  5 hobgoblins
  5 kobolds
  3 quokkas
  A ball python (D:1)
  5 giant newts
  7 goblins
  4 jackals (D:3)
  8 rats
  A rat skeleton (D:4)
82 creatures vanquished.

Vanquished Creatures (others)
  An orc (D:5)
1 creature vanquished.

Grand Total: 83 creatures vanquished

Notes
Turn   | Place    | Note
--------------------------------------------------------------
     0 | D:1      | Psiweapon, the Tengu Earth Elementalist, began the quest for the Orb.
     0 | D:1      | Reached XP level 1. HP: 10/10 MP: 3/3
   574 | D:1      | Reached XP level 2. HP: 13/15 MP: 6/6
  1105 | D:2      | Reached skill level 3 in Spellcasting
  1116 | D:2      | Learned a level 2 spell: Stoneskin
  1283 | D:2      | Reached XP level 3. HP: 10/19 MP: 5/9
  1491 | D:2      | Found a blossoming altar of Fedhas.
  1625 | D:2      | Upgraded the game from 0.16-a0-1761-g9575c7c to 0.16-a0-1767-gaf01991
  1629 | D:2      | Learned a level 3 spell: Stone Arrow
  1838 | D:2      | Reached XP level 4. HP: 20/24 MP: 9/11
  2237 | D:2      | Noticed Jessica
  2242 | D:2      | Killed Jessica
  2242 | D:2      | Reached skill level 4 in Spellcasting
  2327 | D:3      | Found a bloodstained altar of Trog.
  2799 | D:3      | Found a glowing silver altar of Zin.
  2800 | D:3      | Found a shimmering altar of Xom.
  2800 | D:3      | Noticed an angel
  2813 | D:3      | Reached XP level 5. HP: 23/28 MP: 9/16
  2953 | D:3      | Reached skill level 5 in Spellcasting
  3598 | D:4      | Reached skill level 1 in Evocations
  3822 | D:4      | Noticed a phantom
  3841 | D:4      | Killed a phantom
  3841 | D:4      | Reached XP level 6. HP: 30/32 MP: 3/18
  4182 | D:4      | Found a sparkling altar of Nemelex Xobeh.
  5196 | D:4      | Reached XP level 7. HP: 36/36 MP: 13/20
  5318 | D:5      | Entered Level 5 of the Dungeon
  5563 | D:5      | Slain by an orc wizard

Action                   |  1- 3 |  4- 6 |  7- 9 || total
-------------------------+-------+-------+-------++-------
Melee: Club              |    32 |       |       ||    32
       Whip              |    25 |     6 |       ||    31
       Short sword       |       |    49 |    34 ||    83
Throw: Stone             |    28 |     2 |       ||    30
 Cast: Sandblast         |    42 |    64 |     6 ||   112
       Stoneskin         |     2 |    10 |       ||    12
       Stone Arrow       |       |    19 |     8 ||    27
 Abil: Evoke Invisibilit |       |       |     1 ||     1
Evoke: Wand              |       |     3 |     3 ||     6
  Use: Potion            |       |       |     2 ||     2
 Stab: Distracted        |     1 |       |       ||     1
       Confused          |     1 |       |       ||     1
       Sleeping          |     3 |     1 |     2 ||     6
       Invisible         |       |       |     1 ||     1
  Eat: Chunk             |     3 |     8 |     2 ||    13
       Pizza             |       |     2 |       ||     2
       Fruit             |       |       |     1 ||     1
